Map: [ESL] Site Delta

Players

Reaper

  • Race: Zerg Zerg
  • Spawn Location: 11:00

Lambo - Winner!

  • Race: Zerg Zerg
  • Spawn Location: 5:00

Event: ESL SC2 Masters 2023 Winter (Finals)

VOD

Have the link to the VOD?

Description

Time

  • Played on: Dec. 15, 2023, 9:59 a.m.
  • Length: 14:39

All games in this series

Show
View Real Time Build Order
Export as new Build Order

Reaper Zerg 

Build Orders: Hatch First 

Get SALT Encoding   

  12  0:00  Drone  
  13  0:12  Overlord  
  13  0:17  Drone  
  14  0:31  Drone x2  
  16  0:47  Hatchery  
  15  0:51  Drone  
  16  0:59  Drone x2  
  18  1:09  Extractor  
  17  1:14  Spawning Pool  
  17  1:16  Drone  
  17  1:19  Drone  
  18  1:28  Drone  
  19  1:39  Drone  
  20  1:49  Overlord  
  21  2:01  Zergling x4, Queen x2  
  26  2:12  Zergling x4  
  28  2:22  Drone x2  
  30  2:31  Drone  
  30  2:36  Drone  
  31  2:44  Lair  
  31  2:47  Drone x2  
  31  2:49  Queen  
  35  2:56  Overlord  
  35  3:11  Overlord  
  35  3:16  Drone x4, Evolution Chamber  
  35  3:17  Roach Warren  
  37  3:23  Extractor x2  
  37  3:24  Drone  
  37  3:26  Extractor  
  37  3:27  Drone  
  36  3:30  Drone  
  37  3:34  Drone x2  
  39  3:46  Spire  
  38  3:49  Drone x2  
  40  3:56  Drone x2  
  42  4:03  Drone  
  42  4:04  Metabolic Boost  
  43  4:14  Overlord  
  43  4:18  Overlord  
  43  4:19  Drone  
  43  4:20  Drone  
  45  4:26  Overlord  
  45  4:39  Drone x2  
  45  4:40  Drone x2  
  45  4:44  Zergling x6  
  52  4:57  Mutalisk x3  
  52  4:58  Mutalisk  
  60  5:00  Mutalisk  
  62  5:08  Mutalisk, Zerg Flyer Weapons Level 1  
  64  5:16  Mutalisk  
  64  5:18  Overlord  
  64  5:19  Drone  
  67  5:22  Drone x2  
  69  5:29  Drone x3  
  72  5:36  Zerg Missile Weapons Level 1  
  72  5:42  Glial Reconstitution  
  72  5:49  Overlord  
  72  5:56  Hatchery  
  71  5:58  Drone x3  
  71  5:59  Drone x2  
  71  6:01  Overlord  
  76  6:05  Overlord  
  76  6:09  Drone x2  
  78  6:25  Roach x4  
  86  6:26  Roach x2  
  86  6:29  Queen  
  92  6:33  Roach  
  92  6:34  Overseer  
  92  6:37  Roach  
  96  6:42  Overlord  
  96  6:43  Roach x2  
  100  6:48  Overlord  
  100  6:51  Overlord  
  100  7:00  Overlord  
  100  7:02  Roach x3  
  100  7:05  Pneumatized Carapace  
  100  7:06  Overlord  
  100  7:08  Roach  
  108  7:14  Roach x3  
  113  7:21  Roach x3  
  112  7:24  Roach  
  112  7:28  Roach x2  
  118  7:33  Roach x3  
  124  7:37  Overlord  
  124  7:39  Zerg Missile Weapons Level 2  
  124  7:43  Roach x2  
  128  7:48  Roach  
  128  7:51  Roach x3  
  136  7:56  Roach x2  
  140  8:02  Overlord x2  
  140  8:04  Roach  
  142  8:11  Roach x3  
  148  8:16  Roach  
  148  8:17  Roach x2  
  154  8:20  Overlord  
  154  8:21  Overseer  
  154  8:22  Overseer  
  154  8:25  Roach x2  
  158  8:30  Roach x2  
  164  8:34  Roach x2  
  164  8:39  Roach x2  
  170  8:45  Roach x2  
  170  8:47  Ravager x4  
  178  8:49  Overlord  
  178  8:51  Overseer  
  178  8:54  Overlord  
  178  8:59  Overlord  
  178  9:02  Overlord  
  178  9:07  Overlord  
  178  9:09  Roach x2  
  182  9:11  Roach  
  182  9:15  Roach x2  
  188  9:18  Roach  
  188  9:22  Roach x3  
  196  9:26  Roach  
  198  9:31  Roach  
  198  9:34  Overlord  
  198  9:35  Extractor  
  199  9:42  Overlord  
  199  9:46  Spine Crawler  
  199  9:47  Spine Crawler  
  199  9:48  Spine Crawler  
  199  9:49  Roach x2  
  200  10:00  Zerg Ground Armor Level 1  
  200  10:11  Roach  
  198  10:17  Roach  
  198  10:18  Overlord  
  190  10:30  Roach x6  
  199  10:37  Roach  
  195  10:46  Roach x4  
  196  10:52  Roach x4  
  196  10:56  Overlord  
  198  11:07  Roach  
  194  11:13  Roach  
  155  11:27  Roach x2  
  155  11:32  Roach  
  120  11:41  Roach  
  120  11:48  Roach  
  122  11:54  Overseer  
  122  11:58  Overseer  
  118  12:02  Roach  
  118  12:04  Roach  
  122  12:12  Roach  
  124  12:26  Roach x4  
  132  12:34  Ravager  
  132  12:35  Ravager  
  136  12:37  Roach  
  136  12:45  Roach  
  136  12:50  Roach  
  140  12:53  Roach  
  142  13:01  Roach  
  142  13:02  Roach  
  146  13:09  Roach  
  146  13:10  Roach  
  150  13:23  Roach x4  
  156  13:28  Roach  
  158  13:35  Roach  
  158  13:38  Roach  
  159  13:50  Ravager  
  159  13:51  Overlord  
  160  14:12  Ravager  
  160  14:13  Roach x4  
Show
View Real Time Build Order
Export as new Build Order

Lambo Zerg - Winner!

Build Orders: Pool First 

Get SALT Encoding   

  12  0:00  Drone  
  13  0:12  Overlord  
  13  0:17  Drone  
  14  0:31  Drone x2  
  16  0:39  Spawning Pool  
  15  0:43  Drone  
  15  0:47  Drone  
  17  1:08  Hatchery  
  17  1:10  Drone  
  17  1:25  Zergling x4  
  17  1:27  Queen  
  17  1:29  Zergling x2  
  22  1:40  Overlord  
  22  1:43  Extractor  
  21  1:50  Drone  
  22  1:59  Drone  
  23  2:02  Queen  
  25  2:10  Drone  
  26  2:20  Drone  
  26  2:21  Queen  
  29  2:23  Drone  
  30  2:31  Drone  
  30  2:34  Drone x2  
  30  2:36  Drone  
  33  2:38  Drone  
  35  2:46  Overlord  
  35  2:47  Drone  
  35  2:53  Lair  
  35  2:54  Drone  
  35  2:58  Drone  
  35  3:05  Drone  
  36  3:07  Drone  
  36  3:09  Drone x3, Evolution Chamber  
  41  3:12  Drone x2  
  41  3:19  Roach Warren  
  40  3:21  Drone  
  40  3:25  Drone  
  42  3:28  Overlord  
  42  3:31  Drone  
  43  3:35  Zerg Missile Weapons Level 1  
  43  3:36  Extractor, Drone  
  43  3:37  Extractor  
  43  3:38  Drone  
  43  3:44  Drone  
  45  3:48  Drone x2  
  45  3:51  Overlord  
  45  3:52  Drone x2  
  48  3:56  Overseer  
  48  4:02  Roach, Overlord  
  50  4:05  Roach  
  52  4:10  Roach x2  
  52  4:11  Overlord  
  52  4:15  Overlord  
  56  4:19  Overlord  
  56  4:20  Roach  
  58  4:33  Roach x2  
  62  4:46  Hatchery  
  62  4:48  Glial Reconstitution  
  62  4:50  Roach x2  
  62  4:52  Queen x2  
  69  5:00  Roach x3  
  75  5:07  Overlord  
  75  5:08  Drone x3  
  75  5:09  Drone x2  
  80  5:16  Drone  
  80  5:17  Spore Crawler  
  80  5:19  Spore Crawler  
  79  5:21  Spore Crawler  
  79  5:23  Drone, Spore Crawler  
  79  5:26  Drone  
  79  5:28  Drone  
  80  5:33  Spore Crawler  
  80  5:35  Queen  
  81  5:38  Queen  
  83  5:43  Drone x2  
  83  5:46  Drone  
  83  5:47  Spore Crawler  
  83  5:48  Overseer  
  85  5:53  Zerg Ground Armor Level 1  
  85  5:57  Overlord  
  85  5:59  Queen  
  87  6:05  Drone  
  87  6:08  Drone x2  
  87  6:09  Tunneling Claws  
  90  6:16  Drone  
  90  6:23  Drone x2  
  92  6:28  Roach x3  
  92  6:29  Overlord x2  
  92  6:31  Overlord  
  98  6:33  Burrow  
  98  6:34  Overlord  
  98  6:36  Overlord  
  98  6:41  Overlord  
  98  6:46  Overlord  
  98  6:48  Drone x5  
  98  6:50  Overlord  
  98  6:53  Roach, Ravager  
  98  6:54  Ravager  
  107  6:56  Drone x2  
  107  6:57  Drone  
  107  6:59  Drone  
  111  7:03  Drone  
  111  7:04  Drone x3  
  111  7:05  Extractor  
  111  7:06  Roach  
  116  7:10  Roach x2  
  116  7:13  Drone  
  116  7:15  Overlord  
  121  7:16  Extractor, Roach  
  121  7:20  Drone  
  120  7:23  Roach  
  121  7:31  Roach x7  
  135  7:41  Overlord  
  135  7:42  Extractor  
  135  7:44  Roach x3  
  140  7:46  Roach x2  
  140  7:48  Zerg Missile Weapons Level 2  
  144  7:53  Roach  
  144  7:54  Roach x2  
  150  7:59  Roach x3  
  150  8:04  Overlord  
  156  8:07  Overlord  
  156  8:09  Drone x2  
  156  8:10  Drone  
  156  8:11  Drone  
  160  8:14  Hydralisk Den  
  160  8:16  Roach x2  
  160  8:18  Overlord  
  163  8:21  Roach x2  
  163  8:22  Ravager x2  
  169  8:31  Overlord  
  169  8:36  Drone x2  
  171  8:46  Roach x5  
  181  8:48  Drone, Hatchery  
  181  8:49  Drone  
  181  8:51  Muscular Augments  
  188  8:55  Roach x3  
  188  8:56  Ravager x2  
  188  8:59  Pneumatized Carapace  
  188  9:02  Ravager x2  
  192  9:04  Roach x2  
  196  9:16  Roach x2  
  200  9:22  Infestation Pit  
  199  9:24  Roach x2  
  195  9:34  Overseer  
  195  9:37  Lurker Den  
  194  9:44  Roach x3  
  194  9:45  Spine Crawler x2  
  199  9:49  Roach x3  
  199  9:52  Roach x3  
  198  9:55  Overlord, Grooved Spines  
  198  9:56  Overlord  
  198  9:57  Overlord  
  198  9:59  Roach x3  
  198  10:09  Roach  
  198  10:15  Hydralisk  
  198  10:41  Hydralisk x8  
  200  10:44  Roach x3  
  200  10:49  Roach x2  
  200  10:50  Roach x2  
  200  10:53  Roach  
  200  10:55  Roach  
  200  10:56  Roach x3  
  198  10:59  Queen  
  194  11:06  Roach x3  
  194  11:09  Extractor x2  
  194  11:11  Hydralisk x4  
  200  11:19  Roach x2  
  200  11:20  Hydralisk  
  200  11:21  Hydralisk x2  
  200  11:23  Roach x14  
  200  11:25  Roach x9  
  186  11:31  Roach  
  168  11:37  Roach  
  168  11:38  Roach  
  157  11:41  Roach  
  157  11:42  Roach x5  
  157  11:46  Drone x10, Roach x6  
  159  11:48  Roach  
  159  11:50  Roach  
  159  11:56  Roach  
  159  12:00  Ravager x5  
  159  12:03  Roach x2  
  159  12:08  Roach x2  
  162  12:13  Roach x3  
  168  12:16  Ravager x2  
  168  12:17  Ravager  
  168  12:21  Hatchery  
  168  12:22  Roach x2  
  172  12:23  Roach  
  172  12:30  Drone  
  172  12:31  Roach x2  
  172  12:32  Ravager x2  
  177  12:37  Roach x2  
  177  12:41  Roach x2  
  177  12:43  Ravager  
  177  12:44  Roach x2  
  186  12:47  Roach x2  
  186  12:51  Hydralisk  
  190  12:54  Hydralisk  
  194  12:58  Lurker  
  195  13:07  Roach  
  195  13:08  Roach  
  199  13:18  Roach x3  
  197  13:23  Hydralisk  
  197  13:44  Roach x2  
  197  13:48  Hatchery  
  191  14:02  Hydralisk x4  
  199  14:16  Roach  
  199  14:17  Roach x2  
Tags
 
Add a new tag
Caveats
  • Supply blocks, unpowered buildings, or Contaminate may cause inaccurate times.
  • Supply counts are checked every 10 seconds.